 Dungeon Crawl Stone Soup version 0.31-a0-200-gbc41564c69 (webtiles) character file.

Game seed: 2438560342222114121

49 qw the Shooter (level 3, -1/20 HPs)
             Began as a Deep Elf Hunter on June 25, 2023.
             Slain by Terence
             ... wielding a +0 falchion
              (7 damage)
             ... on level 2 of the Dungeon.
             The game lasted 00:00:20 (787 turns).

qw the Shooter (Deep Elf Hunter)                     Turns: 787, Time: 00:00:21

Health: -1/20      AC:  9    Str: 10    XL:     3   Next: 51%
Magic:  5/5        EV: 11    Int: 13    God:
Gold:   94         SH:  0    Dex: 18    Spells: 2/2 levels left

rFire   . . .        Y - +0 shortbow
rCold   . . .        (shield currently unavailable)
rNeg    . . .        d - +4 ring mail
rPois   .            (no helmet)
rElec   .            (no cloak)
rCorr   .            (no gloves)
SInv    .            (no boots)
Will    .....        (no amulet)
Stlth   +            (no ring)
HPRegen 0.23/turn    (no ring)
MPRegen 0.09/turn

%: no passive effects
@: no status effects
A: no striking features
a: no special abilities


You were on level 2 of the Dungeon.
You visited 1 branch of the dungeon, and saw 2 of its levels.

You collected 94 gold pieces.


   Skills:
 - Level 1.5 Fighting
 + Level 7.0 Ranged Weapons
 - Level 2.4 Dodging
 - Level 1.2 Stealth


You had 2 spell levels left.
You didn't know any spells.
Your spell library was empty.

Inventory:

Hand Weapons
 Y - a +0 shortbow (weapon)
Armour
 a - a +0 pair of boots
 d - a +4 ring mail (worn)
 g - a +1 ring mail of fire resistance
Jewellery
 b - an amulet of magic regeneration
 f - a ring of fire

Dungeon Overview and Level Annotations

Branches:
Dungeon (2/15)

Altars:

Annotations:
D:2 Terence


Message History

You shoot an arrow.
The arrow hits Terence but does no damage.
Terence is severely wounded.
Terence hits you but does no damage.
You shoot an arrow. The arrow barely misses Terence.
Terence closely misses you.
You shoot an arrow.
The arrow hits Terence but does no damage.
Terence is severely wounded.
Terence barely misses you. Terence looks scornfully at you.
Terence hits you with a +0 falchion!
You shoot an arrow.
The arrow hits Terence but does no damage.
Terence is severely wounded.
Terence completely misses you.
You shoot an arrow.
The arrow hits Terence but does no damage.
Terence is severely wounded.
Terence asks, "Do you want it fast or slow?"
Terence barely misses you.
You shoot an arrow.
The arrow hits Terence but does no damage.
Terence is severely wounded.
Terence misses you.
You shoot an arrow.
The arrow hits Terence but does no damage.
Terence is severely wounded.
Terence barely misses you.
You shoot an arrow. The arrow closely misses Terence.
Terence hits you but does no damage. x2
You shoot an arrow.
The arrow hits Terence but does no damage.
Terence is severely wounded.
Terence shouts, "DIE!!!"
Terence misses you.
You shoot an arrow. The arrow hits Terence.
Terence is almost dead.
Terence hits you with a +0 falchion!
You die...

#..(.###....##.....#
###..#....####.....#
#.......# #######
##.....## ###.### #.#
##### ##.#########....
#####..........#.###
#?@@........##.#.##
......##.....##.##..#.##
..%.. #...##.##....###.#
........#.##.#####..#.##
##+ #.....##.#####.#.##
#####.##.......###
#.########## #.#


You could see Terence.

Vanquished Creatures
  2 dart slugs
  4 ball pythons (D:1)
  8 bats
  2 endoplasms
  A giant cockroach (D:1)
  5 hobgoblins
  4 jackals (D:1)
  6 kobolds
  A quokka (D:1)
  3 frilled lizards
  A goblin (D:1)
  4 rats
41 creatures vanquished.

Notes
Turn   | Place    | Note
-------+----------+-------------------------------------------
     0 | D:1      | qw the Deep Elf Hunter began the quest for the Orb.
     0 | D:1      | Reached XP level 1. HP: 12/12 MP: 3/3
     0 | D:1      | 0 ||| qw: Version: 0.3-a-22-g0ed2b0b
     0 | D:1      | 0 ||| qw: Game counter: 5504
     0 | D:1      | 0 ||| qw: Melee chars always use a shield: true
     0 | D:1      | 0 ||| qw: God list: Okawaru
     0 | D:1      | 0 ||| qw: Allow faded altars: false
     0 | D:1      | 0 ||| qw: Do Orc after clearing Dungeon:15 true
     0 | D:1      | 0 ||| qw: Do second Lair branch before Depths: true
     0 | D:1      | 0 ||| qw: Lair rune preference: random
     0 | D:1      | 0 ||| qw: Goals: Normal
     0 | D:1      | 0 ||| PLANNING D:1-11
   164 | D:1      | Reached skill level 6 in Ranged Weapons
   164 | D:1      | Reached XP level 2. HP: 16/16 MP: 4/4
   294 | D:1      | Reached XP level 3. HP: 20/20 MP: 5/5
   604 | D:1      | 604 ||| UPGRADING to +4 ring mail.
   614 | D:1      | 614 ||| DROPPING +0 leather armour.
   615 | D:1      | 615 ||| READING scroll labelled AWNA IBRIRAO.
   616 | D:1      | 616 ||| READING scroll labelled IXOMNE TAGOAGO.
   617 | D:1      | 617 ||| DROPPING scroll of butterflies.
   660 | D:2      | Reached skill level 7 in Ranged Weapons
   768 | D:2      | Noticed Terence
   780 | D:2      | HP: 4/20 [Terence/+0 falchion (7)]
   787 | D:2      | Slain by Terence

Levels and vault maps discovered:
D:1:      lightli_arrival_quake, layout_basic
D:2:      kennysheep_six_static_rooms, layout_loops_cross, uniq_terence,
          uniq_natasha

Skill      XL: |  1  2  3 |
---------------+----------+-----
Ranged Weapons | 6 7 |  7.0
Fighting       | |  1.5
Dodging        | |  2.4
Stealth        | |  1.2

Action                     || total
---------------------------++-------
   Fire: Shortbow          ||    84
    Use: Scroll            ||     2
 Armour: Leather armour    ||     2
         Ring mail         ||     3
  Dodge: Dodged            ||    16

Table legend:
 A = Non-vault XP
 B = Vault XP
 C = Vault XP percentage of total XP
 D = Non-vault monster count
 E = Vault monster count
 F = Vault count percentage of total count
                 A         B        C        D         E       F
            +---------+---------+-------+---------+---------+-------
      Total |      70 |       0 |   0.0 |      41 |       0 |   0.0
            +---------+---------+-------+---------+---------+-------
        D:1 |      55 |       0 |   0.0 |      32 |       0 |   0.0
        D:2 |      15 |       0 |   0.0 |       9 |       0 |   0.0
            +---------+---------+-------+---------+---------+-------
